 Dungeon Crawl Stone Soup version 0.21.1-1-g345015f (webtiles) character file.

151 Fang the Skirmisher (level 5, -2/33 HPs)
             Began as a Gargoyle Berserker on June 5, 2018.
             Was a Priest of Trog.
             Slain by a worm (4 damage)
             ... on level 3 of the Dungeon.
             The game lasted 00:02:40 (1561 turns).

Fang the Skirmisher (Gargoyle Berserker)            Turns: 1561, Time: 00:02:40

Health: -2/33      AC:  6    Str: 22    XL:     5   Next: 33%
Magic:  0/5        EV: 12    Int:  7    God:    Trog [***...]
Gold:   55         SH:  0    Dex:  9    Spells: 4/4 levels left

rFire    . . .     SeeInvis .   a - +0 hand axe
rCold    . . .     Gourm    .   (no shield)
rNeg     + . .     Faith    .   b - +0 animal skin
rPois    ∞         Spirit   +   (no helmet)
rElec    +         Reflect  .   g - scarf {Spirit}
rCorr    .         Harm     .   (no gloves)
MR       .....                  (no boots)
Stlth    +.........             (no amulet)
HPRegen  0.11/turn              (no ring)
MPRegen  0.09/turn              (no ring)

@: berserk cooldown, slowed, very slow
A: negative energy resistance 1, electricity resistance, unbreathing,
petrification resistance, rot immunity, AC +4
a: Berserk, Trog's Hand, Burn Spellbooks, Renounce Religion


You were on level 3 of the Dungeon.
You worshipped Trog.
Trog was most pleased with you.
You were very hungry.

You visited 1 branch of the dungeon, and saw 3 of its levels.

You collected 55 gold pieces.

Inventory:

Hand Weapons
 a - a +0 hand axe (weapon)
Armour
 b - a +0 animal skin (worn)
 g - a scarf of spirit shield (worn)
Scrolls
 d - a scroll of teleportation {unknown}
 e - 2 scrolls of remove curse {unknown}
 h - a scroll of enchant weapon {unknown}
 j - a scroll of amnesia {unknown}
 k - a scroll of random uselessness {unknown}
 l - 3 scrolls of fog {unknown}
 m - a scroll of identify {unknown}
 o - a scroll of enchant armour {unknown}
Potions
 f - a potion of might {unknown}
 i - 2 potions of curing {unknown}
Books
 n - a book of Changes

   Spells                             Type                      Level
   a - Beastly Appendage              Transmutation                1
   b - Sticks to Snakes               Transmutation                2
   c - Spider Form                    Transmutation/Poison         3
   d - Ice Form                       Ice/Transmutation            4
   e - Blade Hands                    Transmutation                5
   Trog disapproves of the use of such an item.
Comestibles
 c - 7 rations


   Skills:
 + Level 4.3 Fighting
 + Level 4.2 Axes
 + Level 2.3 Armour
 + Level 2.3 Dodging
 + Level 0.5 Stealth


You had 4 spell levels left.
You didn't know any spells.

Dungeon Overview and Level Annotations

Branches:
Dungeon (3/15)

Altars:
The Shining One


Innate Abilities, Weirdness & Mutations

You are resistant to torment.
Your stone body is resilient. (AC +4)
You are immune to poison.
You resist negative energy. (rN+)
You are resistant to electric shocks. (rElec)
You can survive without breathing.
You are immune to petrification.
You are immune to rotting.


Message History

You hit the worm.
The worm is moderately wounded.
You closely miss the goblin. The goblin hits you but does no damage.
The goblin closely misses you. The worm bites you.
* * * LOW HITPOINT WARNING * * *
Unknown command.
You hit the worm but do no damage.
The worm is moderately wounded.
You barely miss the goblin. The goblin hits you but does no damage.
The worm bites you!
* * * LOW HITPOINT WARNING * * *
The goblin hits you.
* * * LOW HITPOINT WARNING * * *
You hit the worm.
The worm is moderately wounded.
You hit the goblin.
You kill the goblin!
Trog accepts your kill. The worm bites you.
You die...

###.#####.....#.#.#..
.....................
###########..%....#..
............%.......#.
#######....†#)....#..
#.....#........
#....[..)#.###.
#.....##)..#
.......###)@# .#....#
#)w..# #$... #........
#### #.........
......:... ...........
.#.........
..#.........


You could see a worm.

Vanquished Creatures
  Robin (D:3)
  6 adders
  2 oozes
  A worm (D:2)
  2 dart slugs
  A leopard gecko (D:2)
  5 orcs (D:3)
  2 giant cockroaches
  15 goblins
  4 hobgoblins
  5 jackals (D:2)
  5 kobolds
  6 bats
  A frilled lizard (D:3)
  9 rats
65 creatures vanquished.

Notes
Turn   | Place    | Note
-------+----------+-------------------------------------------
     0 | D:1      | Fang the Gargoyle Berserker began the quest for the Orb.
     0 | D:1      | Reached XP level 1. HP: 14/14 MP: 1/1
   106 | D:1      | Reached XP level 2. HP: 16/19 MP: 2/2
   757 | D:2      | Reached XP level 3. HP: 24/24 MP: 3/3
   780 | D:2      | Reached ** piety under Trog
   856 | D:2      | Reached XP level 4. HP: 29/29 MP: 4/4
  1012 | D:2      | Found a glowing golden altar of the Shining One.
  1529 | D:3      | Reached XP level 5. HP: 21/33 MP: 3/5
  1538 | D:3      | Noticed Robin
  1552 | D:3      | Killed Robin
  1555 | D:3      | Reached *** piety under Trog
  1561 | D:3      | Slain by a worm

Skill      XL: |  1  2  3  4 |
---------------+-------------+-----
Axes           | 3 4 |  4.2
Dodging        | 2 |  2.3
Fighting       | 4 |  4.3
Armour         | |  2.3
Stealth        | |  0.5

Action                   |  1- 3 |  4- 6 || total
-------------------------+-------+-------++-------
Melee: Hand axe          |    93 |    98 ||   191
Invok: Berserk           |       |     1 ||     1
 Stab: Sleeping          |     2 |     1 ||     3
  Eat: Chunk             |       |     2 ||     2
Armor: Animal skin       |    43 |    43 ||    86
Dodge: Dodged            |    69 |   104 ||   173
